 Dungeon Crawl Stone Soup version 0.24.0-1-gfbc8707 (webtiles) character file.

Game seed: 1190270023583429125, levelgen mode: deterministic

3530 Faca the Slicer (level 10, -2/80 HPs)
             Began as a Gnoll Wanderer on Nov 7, 2019.
             Was a Follower of Uskayaw.
             Slain by an orc warrior
             ... wielding a +0 halberd
              (18 damage)
             ... in a bailey on Nov 8, 2019.
             The game lasted 00:19:25 (8453 turns).

Faca the Slicer (Gnoll Wanderer)                    Turns: 8453, Time: 00:19:26

Health: -2/80      AC: 14    Str: 17    XL:     10   Next: 8%
Magic:  14/17      EV:  8    Int: 14    God:    Uskayaw [*.....]
Gold:   473        SH: 10    Dex: 18    Spells: 18/18 levels left

rFire    . . .     SeeInvis .   a - +3 short sword
rCold    . . .     Gourm    +   s - +0 shield
rNeg     . . .     Faith    .   v - +4 chain mail
rPois    +         Spirit   .   (no helmet)
rElec    +         Reflect  .   h - +0 cloak
rCorr    .         Harm     .   (no gloves)
MR       ++...                  (no boots)
Stlth    ..........             m - amulet of Morality {Gourm +Blink rElec rF+ Slay+2}
HPRegen  0.23/turn              w - ring of Xom's Fair Game {rPois rF- MR+ Dex+2}
MPRegen  0.15/turn              y - ring of protection from magic

@: lightly drained
A: distributed training, fangs 1, strong nose
a: Stomp, Renounce Religion, Evoke Blink


You were in a bailey.
You worshipped Uskayaw.
Uskayaw was noncommittal.
You were very full.

You visited 2 branches of the dungeon, and saw 9 of its levels.
You also visited: Bailey.

You collected 473 gold pieces.

Inventory:

Hand Weapons
 a - a +3 short sword (weapon)
 q - a +0 scimitar
 B - a +0 spear
Missiles
 b - 2 throwing nets
 n - 8 boomerangs (quivered)
Armour
 h - a +0 cloak (worn)
 s - a +0 shield (worn)
 v - a +4 chain mail (worn)
Jewellery
 m - the amulet of Morality (around neck) {Gourm +Blink rElec rF+ Slay+2}
   (You acquired it on level 5 of the Dungeon)

   [amulet of the gourmand]

   It allows you to eat raw meat even when not hungry.
   It affects your accuracy and damage with ranged weapons and melee attacks
   (+2).
   It protects you from fire.
   It insulates you from electricity.
   It lets you blink.
 w - the ring of Xom's Fair Game (left hand) {rPois rF- MR+ Dex+2}
   (You took it off an orc wizard on level 6 of the Dungeon)

   [ring of protection from magic]

   It affects your dexterity (+2).
   It makes you vulnerable to fire.
   It protects you from poison.
   It affects your resistance to hostile enchantments.
 x - an uncursed ring of positive energy
 y - a ring of protection from magic (right hand)
Wands
 o - a wand of polymorph (10)
Scrolls
 c - 3 scrolls of teleportation
 e - a scroll of enchant weapon
 g - a scroll of magic mapping
 r - a scroll of remove curse
 u - a scroll of fear
 z - a scroll of fog {unknown}
 A - 2 scrolls of identify
Potions
 f - a potion of invisibility
 i - 2 potions of brilliance
 j - 2 potions of haste
 k - 3 potions of lignification
 l - a potion of berserk rage
 p - a potion of agility
 t - 2 potions of curing
Comestibles
 d - 8 rations


   Skills:
 + Level 8.2 Fighting
 + Level 8.2 Short Blades
 + Level 4.8 Long Blades
 + Level 5.5 Axes
 + Level 4.8 Maces & Flails
 + Level 4.8 Polearms
 + Level 4.8 Staves
 + Level 4.8 Slings
 + Level 4.8 Bows
 + Level 4.8 Crossbows
 + Level 4.8 Throwing
 + Level 4.8 Armour
 + Level 5.5 Dodging
 + Level 4.8 Stealth
 + Level 4.8 Shields
 + Level 4.8 Unarmed Combat
 + Level 4.8 Spellcasting
 + Level 4.0(3.9) Conjurations
 + Level 4.0(3.9) Hexes
 + Level 4.0(3.9) Charms
 + Level 4.0(3.9) Summonings
 + Level 4.0(3.9) Necromancy
 + Level 4.0(3.9) Translocations
 + Level 4.0(3.9) Transmutations
 + Level 4.0(3.9) Fire Magic
 + Level 4.0(3.9) Ice Magic
 + Level 4.0(3.9) Air Magic
 + Level 4.0(3.9) Earth Magic
 + Level 4.0(3.9) Poison Magic
 + Level 5.3 Invocations
 + Level 6.7 Evocations


You had 18 spell levels left.
You didn't know any spells.
Your spell library contained the following spells:

 Spells                   Type           Power        Failure   Level  Hunger
 Animate Skeleton         Necr           N/A          87%         1    None
 Apportation              Tloc           ##....       87%         1    None
 Confusing Touch          Hex            ##....       87%         1    None
 Summon Small Mammal      Summ           ##..         87%         1    None


Dungeon Overview and Level Annotations

Branches:
Dungeon (8/15)             Temple (1/1) D:5            Lair (0/6) D:8
 Bailey (1/1)

Altars:
Ashenzari
Dithmenos
Elyvilon
Hepliaklqana
Kikubaaqudgha
Makhleb
Nemelex Xobeh
Okawaru
Ru
Sif Muna
Uskayaw
Vehumet
Wu Jian
Xom
Yredelemnul
Zin
The Shining One

Shops:
D:4 %

Annotations:
D:7 1 runed translucent door, THUG4L1F3's ghost, novice HOFi


Innate Abilities, Weirdness & Mutations

Your experience applies equally to all skills.
You have very sharp teeth.
Your uncanny sense of smell can sniff out nearby items.


Message History

The orc warrior barely misses you.
You can now pass through a line of other dancers.
Your chain mail prevents you from hitting the orc warrior.
The orc warrior is severely wounded.
Your shield and chain mail prevent you from hitting the orc warrior.
The orc warrior is severely wounded.
You block the orc warrior's attack.
The orc warrior hits you from afar with a +0 glaive!
* * * LOW HITPOINT WARNING * * *
You hit the orc warrior.
The orc warrior is severely wounded.
The orc warrior barely misses you.
Okay, then.
There is an open door here.
Okay, then.
You stomp with the beat, sending a shockwave through the revelers around you!
You feel somewhat less full.
You can no longer pass through a line of other dancers.
The orc warrior hits you from afar with a +0 halberd!!
You die...

######### ##≈≈≈≈≈≈≈##
##≈≈≈...≈≈≈##
######≈≈⌠.....⌠≈≈####
##.#≈≈≈≈.........≈≈≈≈#
##..#.....)≈≈≈≈≈......#
#≈..#.....≈≈...≈≈..)).#
#≈.oo.@≈.≈≈.≈.≈.≈≈.≈.))
#≈..#.≈≈.≈.≈≈.≈≈)≈[≈≈.#
#≈oo#)≈.≈≈.≈...≈)≈≈.≈.#
#≈..#.≈.≈.≈≈.((≈≈.≈.≈.#
#≈..#)≈)≈.≈.⌠∩⌠.≈.≈.≈.#
#≈..#.≈.≈.≈..∩..≈.≈.≈.#
#≈..#.≈.≈.≈.⌠∩⌠.≈.≈.≈.#
#≈..#.≈.≈.≈≈...≈≈.≈.≈.#
#≈..#.≈.≈≈.≈...≈.≈≈.≈.#


You could see 2 orc warriors.

Vanquished Creatures
  Pikel (D:7)
  Prince Ribbit (D:7)
  Duvessa (D:7)
  An ice beast (D:6)
  2 orc warriors
  A phantom (D:5)
  4 ogres
  3 centaurs
  2 bullfrogs
  2 gnoll sergeants (D:6)
  Dowan (D:7)
  5 wights
  5 howler monkeys
  4 crimson imps
  2 jellies (D:6)
  7 hounds
  3 bullfrog skeletons
  3 orc wizards
  4 orc priests
  A gnoll shaman (D:6)
  Terence (D:3)
  3 worker ants
  Natasha (thrice) (D:4)
  An iguana (D:5)
  A worker ant zombie (D:7)
  6 gnolls (D:6)
  4 adders
  A shadow imp (D:5)
  An ooze (D:4)
  2 adder skeletons
  A worm (D:3)
  4 leopard geckos
  19 orcs
  2 ball pythons
  7 bats
  4 giant cockroaches
  9 goblins
  4 hobgoblins
  5 jackals
  4 kobolds
  5 quokkas
  5 frilled lizards
  A leopard gecko skeleton (D:4)
  A quokka zombie (D:6)
  6 rats
153 creatures vanquished.

Notes
Turn   | Place    | Note
-------+----------+-------------------------------------------
     0 | D:1      | Faca the Gnoll Wanderer began the quest for the Orb.
     0 | D:1      | Faca set off with the following items: a +2 short sword, a
                  | +0 ring mail, a scroll of teleportation, a ration
     0 | D:1      | Reached XP level 1. HP: 23/23 MP: 3/3
   191 | D:1      | Reached XP level 2. HP: 27/29 MP: 5/5
   949 | D:2      | Reached XP level 3. HP: 34/35 MP: 6/6
  1344 | D:2      | Reached skill level 1 in Invocations
  1390 | D:2      | Found a sparkling altar of Nemelex Xobeh.
  1518 | D:3      | Reached skill level 1 in Long Blades
  1518 | D:3      | Reached skill level 1 in Maces & Flails
  1518 | D:3      | Reached skill level 1 in Polearms
  1518 | D:3      | Reached skill level 1 in Staves
  1518 | D:3      | Reached skill level 1 in Slings
  1518 | D:3      | Reached skill level 1 in Bows
  1518 | D:3      | Reached skill level 1 in Crossbows
  1518 | D:3      | Reached skill level 1 in Throwing
  1518 | D:3      | Reached skill level 1 in Armour
  1518 | D:3      | Reached skill level 1 in Stealth
  1518 | D:3      | Reached skill level 1 in Shields
  1518 | D:3      | Reached skill level 1 in Unarmed Combat
  1518 | D:3      | Reached skill level 1 in Spellcasting
  1638 | D:3      | Reached XP level 4. HP: 41/41 MP: 7/7
  2162 | D:3      | Noticed Terence
  2219 | D:3      | Killed Terence
  2219 | D:3      | Reached skill level 1 in Conjurations
  2219 | D:3      | Reached skill level 1 in Hexes
  2219 | D:3      | Reached skill level 1 in Charms
  2219 | D:3      | Reached skill level 1 in Summonings
  2219 | D:3      | Reached skill level 1 in Necromancy
  2219 | D:3      | Reached skill level 1 in Translocations
  2219 | D:3      | Reached skill level 1 in Transmutations
  2219 | D:3      | Reached skill level 1 in Fire Magic
  2219 | D:3      | Reached skill level 1 in Ice Magic
  2219 | D:3      | Reached skill level 1 in Air Magic
  2219 | D:3      | Reached skill level 1 in Earth Magic
  2219 | D:3      | Reached skill level 1 in Poison Magic
  2576 | D:4      | Found an ancient bone altar of Kikubaaqudgha.
  2583 | D:4      | Reached XP level 5. HP: 40/47 MP: 8/8
  2588 | D:4      | Noticed Natasha
  2756 | D:4      | Killed Natasha
  2816 | D:4      | Noticed an ogre
  2831 | D:4      | Killed an ogre
  2831 | D:4      | Reached XP level 6. HP: 43/53 MP: 9/9
  2880 | D:4      | Noticed Natasha
  2890 | D:4      | Killed Natasha
  2907 | D:4      | Noticed Natasha
  2917 | D:4      | Killed Natasha
  2917 | D:4      | Reached skill level 5 in Evocations
  3370 | D:4      | Found a sacrificial altar of Ru.
  3398 | D:4      | Found a shattered altar of Ashenzari.
  3560 | D:4      | Reached XP level 7. HP: 27/59 MP: 10/10
  3839 | D:4      | Found Erchulow's Food Emporium.
  3972 | D:5      | Entered Level 5 of the Dungeon
  4202 | D:5      | Found a shimmering altar of Xom.
  4609 | D:5      | Found a staircase to the Ecumenical Temple.
  4617 | Temple   | Entered the Ecumenical Temple
  4633 | Temple   | Became a worshipper of Uskayaw the Reveler
  4676 | D:5      | Reached * piety under Uskayaw
  4683 | D:5      | Reached ** piety under Uskayaw
  5000 | D:5      | Identified a scroll of acquirement
  5001 | D:5      | Got a bound lead amulet
  5002 | D:5      | Identified the amulet of Morality {Gourm +Blink rElec rF+
                  | Slay+2} (You acquired it on level 5 of the Dungeon)
  5318 | D:6      | Reached XP level 8. HP: 62/67 MP: 12/12
  5327 | D:6      | Reached *** piety under Uskayaw
  5699 | D:6      | Reached **** piety under Uskayaw
  5730 | D:6      | Reached ***** piety under Uskayaw
  5964 | D:6      | Found a burning altar of Makhleb.
  5969 | D:6      | Found a glowing silver altar of Zin.
  5969 | D:6      | Noticed an angel
  5969 | D:6      | Noticed an Executioner
  6167 | D:6      | Identified the ring of Xom's Fair Game {rPois rF- MR+
                  | Dex+2}
  6430 | D:6      | Found a shattered altar of Ashenzari.
  6524 | D:6      | Reached XP level 9. HP: 62/72 MP: 14/14
  6912 | D:7      | Noticed Duvessa
  6915 | D:7      | Noticed Dowan
  6977 | D:7      | Killed Duvessa
  6979 | D:7      | Killed Dowan
  7233 | D:7      | Noticed THUG4L1F3's ghost (novice HOFi)
  7267 | D:7      | Noticed Pikel
  7282 | D:7      | Killed Pikel
  7282 | D:7      | Reached skill level 5 in Axes
  7282 | D:7      | Reached skill level 5 in Dodging
  7344 | D:7      | Found a runed translucent door.
  7482 | D:7      | Noticed Prince Ribbit
  7490 | D:7      | Reached skill level 5 in Invocations
  7493 | D:7      | Killed Prince Ribbit
  7596 | D:7      | Found a radiant altar of Vehumet.
  7610 | D:7      | Found a shimmering blue altar of Sif Muna.
  7613 | D:7      | Found a glowing golden altar of the Shining One.
  7616 | D:7      | Found a white marble altar of Elyvilon.
  7730 | D:7      | Identified the +6 quarterstaff "Anaif" {flame, *Corrode
                  | +Fly Int+6 Stlth-}
  7741 | D:7      | Reached XP level 10. HP: 59/80 MP: 17/17
  8165 | D:8      | Found a flagged portal.
  8202 | Bailey   | Entered a bailey
  8453 | Bailey   | Slain by an orc warrior

Levels and vault maps discovered:
D:1:      giann_forest_graveyard, layout_basic, serial_rivers,
          chequers_serial_rivers_micro_e, chequers_serial_rivers_micro_e,
          chequers_serial_rivers_small_3, chequers_serial_rivers_room_a,
          minivault_23
D:2:      layout_rooms, marbit_many_paths, serial_rivers,
          chequers_serial_rivers_small_b, chequers_serial_rivers_small_a,
          chequers_serial_rivers_micro_b, chequers_serial_rivers_micro_b
D:3:      layout_loops_corners, uniq_terence
D:4:      layout_basic, nicolae_ru_awakened_eye, kiku_gazebo_garden_becter,
          first_ration, serial_shops, shop_statue, ashenzari_altar_1,
          uniq_natasha
D:5:      layout_loops_ring, lemuel_doored_altar,
          minmay_temple_entry_glassed_door
D:6:      layout_cave_pools, grunt_temple_overflow_order_and_chaos_2,
          kennysheep_little_box, serial_gnoll_camp, gnoll_camp_mini_loothouse,
          gnoll_camp_mini_basic, gnoll_camp_mini_house, gnoll_camp_mini_hut
D:7:      layout_layer_cave, grunt_temple_overflow_cloverleaf,
          hellmonk_ghost_happy_afterlife, uniq_pikel, uniq_prince_ribbit1,
          uniq_duvessa
D:8:      layout_cave_pods, old_standard_altar, lair_entry_dummy, serial_shops,
          kennysheep_mini, enter_bailey_2
Temple:   chequers_temple_sunken
Bailey:   bailey_polearm_flooded_kennysheep, bailey

Skill      XL: |  1  2  3  4  5  6  7  8  9 10 |
---------------+-------------------------------+-----
Invocations    | 1 2 3 4 5 |  5.3
Long Blades    | 1 2 3 4 |  4.8
Maces & Flails | 1 2 3 4 |  4.8
Polearms       | 1 2 3 4 |  4.8
Staves         | 1 2 3 4 |  4.8
Slings         | 1 2 3 4 |  4.8
Bows           | 1 2 3 4 |  4.8
Crossbows      | 1 2 3 4 |  4.8
Throwing       | 1 2 3 4 |  4.8
Armour         | 1 2 3 4 |  4.8
Stealth        | 1 2 3 4 |  4.8
Shields        | 1 2 3 4 |  4.8
Unarmed Combat | 1 2 3 4 |  4.8
Spellcasting   | 1 2 3 4 |  4.8
Conjurations   | 1 2 3 4 |  4.0
Hexes          | 1 2 3 4 |  4.0
Charms         | 1 2 3 4 |  4.0
Summonings     | 1 2 3 4 |  4.0
Necromancy     | 1 2 3 4 |  4.0
Translocations | 1 2 3 4 |  4.0
Transmutations | 1 2 3 4 |  4.0
Fire Magic     | 1 2 3 4 |  4.0
Ice Magic      | 1 2 3 4 |  4.0
Air Magic      | 1 2 3 4 |  4.0
Earth Magic    | 1 2 3 4 |  4.0
Poison Magic   | 1 2 3 4 |  4.0
Axes           | 3 4 5 |  5.5
Dodging        | 3 4 5 |  5.5
Evocations     | 5 6 |  6.7
Fighting       | 7 8 |  8.2
Short Blades   | 7 8 |  8.2

Action                   |  1- 3 |  4- 6 |  7- 9 | 10-12 || total
-------------------------+-------+-------+-------+-------++-------
Melee: Short sword       |    99 |   185 |   461 |    50 ||   795
       Bite              |     8 |    21 |    71 |     9 ||   109
       Punch             |     1 |     1 |     2 |       ||     4
       Spear             |       |       |       |    27 ||    27
Throw: Boomerang         |       |       |     2 |       ||     2
Invok: Stomp             |       |       |       |     1 ||     1
 Abil: Evoke Blink       |       |       |       |     1 ||     1
  Use: Scroll            |       |    15 |     5 |     1 ||    21
       Potion            |       |     2 |     1 |       ||     3
 Stab: Paralysed         |       |       |    11 |     1 ||    12
  Eat: Chunk             |     2 |     6 |    19 |     2 ||    29
       Ration            |       |       |     1 |       ||     1
Armor: Ring mail         |    29 |    15 |       |       ||    44
       Chain mail        |       |    43 |   242 |    35 ||   320
Dodge: Dodged            |    46 |    46 |   162 |    29 ||   283
Block: Shield            |       |       |   122 |    37 ||   159
